AoeStats
← Franz

Arabia

504972217Analyzed
1v1 RM · 26d ago on Sep 7, 2026· 51m 56s· 2 players
Game mode
Random Map
Map size
Tiny (2 player)
Population
200
Speed
Normal
Resources
Standard
Victory
Conquest
Starting age
Dark Age
Ending age
Imperial Age
RankedLock teamsTeams togetherTeam positionsShared explorationLock speedFull tech treeHidden civsTurbo modeCheats
Victory
Defeat
🇦🇺 Magyars · Australia
1010
+16
🇫🇷 Slavs · France
1011
-35
Snappa
6:44 Loom
9:46 Feudal Age
11:41 Double-Bit Axe
13:20 Horse Collar
23:20 Castle Age
22:03 Fletching
22:14 Padded Archer Armor
23:21 Bloodlines
29:23 Bodkin Arrow
29:44 Leather Archer Armor
32:14 Wheelbarrow
31:25 Town Watch
37:38 Stone Mining
37:41 Gold Mining
40:42 Imperial Age
38:47 Scale Barding Armor
39:07 Corvinian Army
41:12 Thumb Ring
42:49 Bracer
43:18 Parthian Tactics
43:52 Heavy Cavalry Archer
45:23 Bow Saw
45:17 Heavy Plow
45:55 Hand Cart
46:06 Town Patrol
46:52 Ring Archer Armor
46:50 Elite Magyar Huszar
49:17 Husbandry
50:51 Chemistry
50:12 Ballistics
50:02 Siege Engineers
50:11 Spies/Treason
Franz
5:50 Loom
10:39 Feudal Age
18:44 Double-Bit Axe
19:50 Wheelbarrow
22:54 Forging
23:44 Scale Mail Armor
26:27 Castle Age
26:30 Pikeman
30:18 Padded Archer Armor
30:13 Fletching
31:22 Bloodlines
34:48 Iron Casting
35:54 Husbandry
38:27 Hand Cart
39:33 Scale Barding Armor
49:05 Bow Saw
Connection lost

Rejoining the realm…

Still unreachable

The connection could not be restored.

Session expired

The server has moved on; the page needs a fresh start.